AoeStats
← Dropkick Goose

Arabia

509974135Analyzed
1v1 RM · 4d ago on Sep 28, 2026· 51m 58s· 2 players
Game mode
Random Map
Map size
Tiny (2 player)
Population
200
Speed
Normal
Resources
Standard
Victory
Conquest
Starting age
Dark Age
Ending age
Imperial Age
RankedLock teamsTeams togetherTeam positionsShared explorationLock speedFull tech treeHidden civsTurbo modeCheats
Victory
Defeat
🇩🇪 Franks · Germany
828
+17
🇺🇸 Cumans · United States
858
-46
muratkaya343406
10:02 Feudal Age
11:43 Double-Bit Axe
14:33 Forging
18:13 Scale Barding Armor
19:07 Loom
23:30 Castle Age
21:35 Gold Mining
24:17 Husbandry
26:47 Iron Casting
28:35 Chain Barding Armor
30:18 Wheelbarrow
31:43 Hand Cart
31:29 Stone Mining
39:28 Imperial Age
36:39 Ordonnance Companies
38:17 Gold Shaft Mining
39:41 Cavalier
39:57 Elite Throwing Axeman
40:22 Elite Skirmisher
41:40 Fletching
41:51 Padded Archer Armor
44:36 Blast Furnace
44:12 Plate Barding Armor
43:32 Bodkin Arrow
45:34 Chemistry
45:17 Paladin
47:42 Leather Archer Armor
47:51 Ballistics
51:03 Chivalry
Dropkick Goose
10:50 Feudal Age
10:54 Loom
11:21 Double-Bit Axe
11:19 Horse Collar
11:40 Man-at-Arms
15:11 Wheelbarrow
19:14 Gold Mining
23:22 Bloodlines
24:16 Stone Mining
25:23 Forging
28:26 Castle Age
27:51 Scale Barding Armor
31:15 Pikeman
31:56 Squires
33:04 Bow Saw
32:58 Heavy Plow
38:43 Gold Shaft Mining
38:27 Murder Holes
40:01 Chain Barding Armor
41:04 Hand Cart
41:56 Iron Casting
42:23 Light Cavalry
51:06 Imperial Age
Connection lost

Rejoining the realm…

Still unreachable

The connection could not be restored.

Session expired

The server has moved on; the page needs a fresh start.